 Dungeon Crawl Stone Soup version 0.17.1-2-g5865329 (webtiles) character file.

625 Tomstefer the Magician (level 7, 0/36 HPs)
             Began as a Gargoyle Earth Elementalist on Feb 10, 2016.
             Slain by a gnoll shaman
             ... wielding a +0 whip
              (7 damage)
             ... on level 4 of the Dungeon.
             The game lasted 00:25:02 (6987 turns).

Tomstefer the Magician (GrEE)                       Turns: 6987, Time: 00:25:02

Health: 0/36       AC: 14    Str: 12    XL:     7   Next: 47%
Magic:  2/17       EV: 12    Int: 17    God:
Gold:   217        SH:  0    Dex: 10    Spells: 4 memorised, 8 levels left

rFire  . . .     SeeInvis .     w - +0 mace (protect)
rCold  . . .     Clarity  .     a - +0 robe
rNeg   + . .     SustAt   .     (no shield)
rPois  ∞         Gourm    .     (no helmet)
rElec  +         Spirit   .     (no cloak)
rCorr  .         Warding  .     (no gloves)
rMut   .         Stasis   .     (no boots)
MR     .....                    (no amulet)
Stlth  +.........               (no ring)
                                (no ring)

@: stone skin, not resistant to hostile enchantments, very unstealthy
A: negative energy resistance 1, electricity resistance, unbreathing,
petrification resistance, rot immunity, AC +4
a: no special abilities


You were on level 4 of the Dungeon.
You were not hungry.

You visited 1 branch of the dungeon, and saw 4 of its levels.

You collected 217 gold pieces.

Inventory:

Hand Weapons
 f - a +0 whip
 w - a +0 mace of protection (weapon)
Missiles
 b - 11 stones (quivered)
Armour
 a - a +0 robe (worn)
Jewellery
 p - a -3 ring of strength
 r - an uncursed amulet of rage
Scrolls
 e - a scroll of immolation
 i - 3 scrolls of remove curse
 j - 2 scrolls of identify
 t - a scroll of noise {unknown}
 x - a scroll of blinking {unknown}
Potions
 g - a potion of cure mutation {unknown}
 h - a potion of flight {unknown}
 k - a potion of resistance {unknown}
 l - a potion of magic {unknown}
 n - 3 potions of curing
 q - a potion of degeneration {unknown}
 s - a potion of heal wounds {unknown}
Books
 c - a book of Geomancy

   Spells                             Type                      Level
   a - Sandblast                      Earth                        1
   b - Stoneskin                      Transmutation/Earth          2
   c - Passwall                       Transmutation/Earth          3
   d - Stone Arrow                    Conjuration/Earth            3
   e - Petrify                        Transmutation/Earth          4
   f - Lee's Rapid Deconstruction     Earth                        5
Comestibles
 d - 2 bread rations
 m - 4 chunks of flesh
 o - a meat ration
 v - a royal jelly


   Skills:
 + Level 2.3 Dodging
 - Level 2.1 Stealth
 + Level 6.6 Spellcasting
 - Level 0.7 Transmutations
 - Level 5.0 Earth Magic


You had 8 spell levels left.
You knew the following spells:

 Your Spells              Type           Power        Failure   Level  Hunger
a - Sandblast             Erth           ###...       1%          1    None
b - Stoneskin             Trmt/Erth      ###.....     6%          2    None
c - Stone Arrow           Conj/Erth      ##....       14%         3    ##.....
d - Lee's Rapid Deconstr  Erth           ###.......   45%         5    #####..


Dungeon Overview and Level Annotations

Branches:
Dungeon (4/15)
 Temple: D:4-7

Altars:
Sif Muna

Shops:
D:4 (


Innate Abilities, Weirdness & Mutations

You are resistant to torment.
Your stone body is resilient (AC +4).
You are immune to poison.
You resist negative energy.
You are resistant to electric shocks.
You can survive without breathing.
You are immune to petrification.
You are immune to rotting.


Message History

You don't have enough magic to cast that spell.
Unknown command.
The gnoll shaman splashes around in the water.
The gnoll shaman hits you but does no damage.
The gnoll shaman splashes around in the water.
The gnoll shaman splashes around in the water.
The gnoll shaman hits you but does no damage.
The gnoll shaman hits you with a club.
* * * LOW HITPOINT WARNING * * *
The gnoll shaman closely misses you. The gnoll shaman barely misses you.
The gnoll shaman hits the plant but does no damage.
The gnoll shaman closely misses you.
The gnoll shaman splashes around in the water.
You are no longer glowing.
The gnoll shaman hits you but does no damage.
The gnoll shaman hits you but does no damage.
The gnoll shaman hits you but does no damage.
The gnoll shaman hits you with a whip!
You die...

############################
....................P......#
...[........P..g...........#
≈≈≈≈≈≈≈≈≈≈≈≈≈≈≈g@≈≈≈≈≈≈....#
≈≈≈≈≈≈≈≈≈≈≈≈≈≈≈≈≈≈≈≈≈≈≈....#
≈≈≈≈≈≈≈≈≈≈≈≈≈≈≈≈#####≈≈....#
................#g.g#≈≈....#
#################...#≈≈....#
#g###≈≈....# #.#.≈≈≈....#
#.#.≈≈≈....# #.≈≈≈....#


You could see 2 gnoll shamans and a gnoll (wandering).

Vanquished Creatures
  The ghost of Tomstefer the Magician, an amateur DECj (D:3)
  A scorpion (D:4)
  A hound (D:4)
  2 orc priests
  2 gnoll shamans (D:4)
  2 orc wizards (D:4)
  14 gnolls (D:4)
  9 adders
  2 oozes
  2 worms
  11 orcs
  6 bats
  4 giant cockroaches
  3 goblins
  5 hobgoblins
  19 jackals
  4 kobolds
  2 quokkas
  3 giant newts (D:1)
  6 rats
99 creatures vanquished.

Notes
Turn   | Place    | Note
--------------------------------------------------------------
     0 | D:1      | Tomstefer the Gargoyle Earth Elementalist began the quest for the Orb.
     0 | D:1      | Reached XP level 1. HP: 10/10 MP: 3/3
   774 | D:1      | Reached skill level 4 in Earth Magic
   962 | D:1      | Reached XP level 2. HP: 15/15 MP: 3/5
  1510 | D:1      | Reached skill level 5 in Earth Magic
  1510 | D:1      | Reached XP level 3. HP: 17/19 MP: 2/6
  1903 | D:2      | Learned a level 2 spell: Stoneskin
  1907 | D:2      | Learned a level 3 spell: Stone Arrow
  3007 | D:2      | Reached XP level 4. HP: 20/24 MP: 5/8
  3424 | D:3      | Noticed Tomstefer's ghost (amateur DECj)
  3444 | D:3      | Killed Tomstefer's ghost
  3444 | D:3      | Reached XP level 5. HP: 18/28 MP: 3/11
  3897 | D:3      | Found a deep blue altar of Sif Muna.
  4771 | D:4      | Reached XP level 6. HP: 18/32 MP: 3/13
  4774 | D:4      | Reached skill level 5 in Spellcasting
  4916 | D:4      | Learned a level 5 spell: Lee's Rapid Deconstruction
  5352 | D:4      | Found Iwodoc's Weapon Emporium.
  5840 | D:4      | Reached skill level 6 in Spellcasting
  5957 | D:4      | Reached XP level 7. HP: 36/36 MP: 13/16
  6987 | D:4      | Slain by a gnoll shaman

Action                   |  1- 3 |  4- 6 |  7- 9 || total
-------------------------+-------+-------+-------++-------
Melee: Whip              |    16 |    15 |       ||    31
       Mace              |       |       |    18 ||    18
 Cast: Sandblast         |    56 |   106 |    42 ||   204
       Stone Arrow       |     1 |       |    19 ||    20
       Stoneskin         |       |     8 |     6 ||    14
  Use: Scroll            |       |     7 |       ||     7
  Eat: Chunk             |     3 |     9 |     3 ||    15
       Bread ration      |     1 |       |       ||     1
       Fruit             |       |       |     1 ||     1
